 Dungeon Crawl Stone Soup version 0.19.1-1-g22dce08 (webtiles) character file.

114 ponk the Conjurer (level 4, -1/33 HPs)
             Began as a Demigod Conjurer on Jan 12, 2017.
             Slain by a phantom (9 damage)
             ... on level 4 of the Dungeon.
             The game lasted 00:12:03 (3700 turns).

ponk the Conjurer (Demigod Conjurer)                Turns: 3700, Time: 00:12:03

Health: -1/33      AC:  4    Str: 11    XL:     4   Next: 40%
Magic:  2/9        EV: 12    Int: 21    God:
Gold:   116        SH:  0    Dex: 18    Spells: 1 memorised, 5 levels left

rFire  . . .     SeeInvis .     e - +0 rapier
rCold  . . .     Gourm    .     a - +0 robe
rNeg   . . .     Faith    .     (no shield)
rPois  .         Spirit   .     (no helmet)
rElec  .         Reflect  .     (no cloak)
rCorr  .         Harm     .     j - +1 pair of gloves
MR     .....                    (no boots)
Stlth  ++........               p - amulet of inaccuracy (curse)
                                (no ring)
                                f - +2 ring of dexterity

@: very slightly contaminated
A: high mp 1
a: no special abilities


You were on level 4 of the Dungeon.
You were very hungry.

You visited 1 branch of the dungeon, and saw 4 of its levels.

You collected 116 gold pieces.

Inventory:

Hand Weapons
 e - a +0 rapier (weapon)
 q - a +0 trident
Armour
 a - a +0 robe (worn)
 j - a +1 pair of gloves (worn)
Jewellery
 f - a +2 ring of dexterity (left hand)
 p - a cursed amulet of inaccuracy (around neck)
 r - an uncursed amulet of rage {unknown}
 t - an uncursed ring of fire {unknown}
Wands
 o - a wand of lightning (9/15)
Scrolls
 d - 2 scrolls of teleportation
 m - a scroll of fog
Potions
 h - 2 potions of haste
 i - 2 potions of berserk rage
 k - a potion of agility {unknown}
 n - a potion of flight {unknown}
Books
 b - a book of Conjurations

   Spells                             Type                      Level
   a - Magic Dart                     Conjuration                  1
   b - Searing Ray                    Conjuration                  2
   c - Dazzling Spray                 Conjuration/Hexes            3
   d - Fulminant Prism                Conjuration/Hexes            4
   e - Iskenderun's Mystic Blast      Conjuration                  4
   f - Iskenderun's Battlesphere      Conjuration/Charms           5
Comestibles
 c - 4 bread rations
 g - a slice of pizza
 l - a royal jelly
 s - a meat ration


   Skills:
 - Level 1.7 Dodging
 - Level 1.8 Stealth
 - Level 1.8 Spellcasting
 + Level 5.5 Conjurations


You had 5 spell levels left.
You knew the following spells:

 Your Spells              Type           Power        Failure   Level  Hunger
a - Magic Dart            Conj           ####         1%          1    #......


Dungeon Overview and Level Annotations

Branches:
Dungeon (4/15)
 Temple: D:4-7

Shops:
D:4 [


Innate Abilities, Weirdness & Mutations

You have an increased reservoir of magic. (+10% MP)


Message History

The phantom hits you.
You hit the phantom.
The phantom is heavily damaged.
The phantom closely misses you. The phantom barely misses you.
You miss the phantom.
The phantom is heavily damaged.
The phantom hits you!
You barely miss the phantom.
The phantom is heavily damaged.
The phantom barely misses you.
You miss the phantom.
The phantom is heavily damaged.
The phantom hits you.
* * * LOW HITPOINT WARNING * * *
You are too injured to fight recklessly!
The phantom blinks!
You puncture the phantom!
The phantom is severely damaged.
The phantom barely misses you. The phantom hits you!
You die...

#.# ... #.# ..
#.# . #.# #.#
#.# #.# #.#
#@# #W# .#.#
.#.#
#.###.#.######
#.#...#......#
#.#...######.#
#.#...# #.#
##### #.#...#
#.#


You could see a phantom.

Vanquished Creatures
  3 adders
  An ooze (D:2)
  7 worms
  A dart slug (D:1)
  4 leopard geckos
  5 giant cockroaches
  A goblin (D:1)
  4 hobgoblins
  6 jackals
  A quokka (D:2)
  2 ball pythons
  9 bats
  3 frilled lizards
  6 kobolds
  5 rats
58 creatures vanquished.

Notes
Turn   | Place    | Note
-------+----------+-------------------------------------------
     0 | D:1      | ponk the Demigod Conjurer began the quest for the Orb.
     0 | D:1      | Reached XP level 1. HP: 14/14 MP: 5/5
   266 | D:1      | Reached skill level 4 in Conjurations
   435 | D:1      | Reached XP level 2. HP: 20/20 MP: 4/7
  1444 | D:2      | Found a bloodstained altar of Trog.
  1546 | D:2      | Reached XP level 3. HP: 26/26 MP: 0/8
  1798 | D:2      | Reached skill level 5 in Conjurations
  2547 | D:3      | Found a stormy altar of Qazlal.
  2662 | D:3      | Reached XP level 4. HP: 33/33 MP: 5/9
  3185 | D:3      | Found a deep blue altar of Sif Muna.
  3671 | D:4      | Found Qigako's Antique Armour Shop.
  3674 | D:4      | Noticed a phantom
  3700 | D:4      | Slain by a phantom

Skill      XL: |  1  2  3 |
---------------+----------+-----
Conjurations   | 4 5 |  5.5
Dodging        | |  1.7
Stealth        | |  1.8
Spellcasting   | |  1.8

Action                   |  1- 3 |  4- 6 || total
-------------------------+-------+-------++-------
Melee: Unarmed           |     5 |       ||     5
       Rapier            |    10 |    23 ||    33
 Cast: Magic Dart        |    98 |    53 ||   151
  Use: Scroll            |     7 |     1 ||     8
 Stab: Sleeping          |     3 |     1 ||     4
  Eat: Chunk             |     6 |     3 ||     9
Armor: Robe              |     3 |    10 ||    13
Dodge: Dodged            |    14 |    37 ||    51
